General information
- name: BNet
- type: Ladder team game (AT/RT)
- host: Battle.net
- saver: DieEierVonSatan
map: GoldRush
- players: 8
- length: 45:52
- speed: Fast
- version: 1.26 W3XP
- replay type: Public
» download(270 KB)
Players
team 1 (winner)

»
meltingkevin (
green | 65 APM | 289 actions | 04:27)
1 Mountain King
1 Storm Bolt
» actions
| Assign group hotkey | 7 | |
| Build / train | 20 | |
| ESC pressed | 3 | |
| Enter build submenu | 17 | |
| Enter hero's abilities submenu | 1 | |
| Right click | 123 | |
| Select / deselect | 72 | |
| Select group hotkey | 28 | |
| Use ability | 18 | |
289 total
» units
» buildings
| Altar of Kings | 1 | |
| Farm | 4 | |
| Lumber Mill | 1 | |
| Scout Tower | 6 | |
| Arcane Tower | 2 | |
| Blacksmith | 1 | |
| Guard Tower | 2 | |
| Arcane Vault | 1 | |
18 total
» build order
00:10 Altar of Kings
00:22 Farm
00:58 Lumber Mill
01:22 Farm
01:56 Scout Tower
02:31 Scout Tower
02:34 Scout Tower
02:39 Scout Tower
02:48 Arcane Tower
02:55 Blacksmith
03:04 Farm
03:10 Arcane Tower
03:11 Guard Tower
03:12 Guard Tower
03:19 Farm
03:33 Arcane Vault
03:40 Scout Tower
03:58 Scout Tower
DieEierVonSatan (
pink | 68 APM | 3107 actions | 45:52)
6 Archmage
3 Summon Water Elemental
2 Brilliance Aura
1 Mass Teleport
5 Mountain King
3 Storm Bolt
2 Bash
» actions
| Assign group hotkey | 97 | |
| Basic commands | 101 | |
| Build / train | 124 | |
| Enter build submenu | 44 | |
| Enter hero's abilities submenu | 10 | |
| Give item / drop item | 2 | |
| Remove unit from queue | 8 | |
| Right click | 1476 | |
| Select / deselect | 791 | |
| Select group hotkey | 226 | |
| Use ability | 228 | |
3107 total
» units
| Peasant | 22 | |
| Rifleman | 14 | |
| Priest | 3 | |
| Gryphon Rider | 1 | |
| Dragonhawk Rider | 5 | |
45 total
» upgrades
| Gunpowder | 3 | |
| Lumber Harvesting | 2 | |
| Long Rifles | 1 | |
| Armor | 3 | |
| Masonry | 1 | |
| Priest Training | 1 | |
| Cloud | 1 | |
| Animal War Training | 1 | |
| Swords | 1 | |
14 total
» buildings
| Farm | 9 | |
| Altar of Kings | 1 | |
| Barracks | 2 | |
| Blacksmith | 1 | |
| Arcane Vault | 1 | |
| Keep | 1 | |
| Town Hall | 6 | |
| Lumber Mill | 2 | |
| Scout Tower | 13 | |
| Guard Tower | 6 | |
| Arcane Tower | 1 | |
| Arcane Sanctum | 3 | |
| Castle | 1 | |
| Gryphon Aviary | 7 | |
54 total
» build order
00:49 Farm
01:07 Altar of Kings
01:11 Barracks
01:14 Blacksmith
01:28 Farm
01:36 Farm
02:34 Farm
02:39 Arcane Vault
04:36 Keep
04:45 Town Hall
04:56 Barracks
05:03 Farm
07:09 Lumber Mill
09:52 Scout Tower
09:54 Scout Tower
09:55 Scout Tower
09:55 Scout Tower
09:56 Scout Tower
09:59 Scout Tower
10:01 Scout Tower
11:17 Guard Tower
11:19 Guard Tower
11:32 Guard Tower
11:40 Arcane Tower
11:44 Scout Tower
11:45 Scout Tower
11:45 Scout Tower
11:54 Guard Tower
12:05 Scout Tower
12:05 Scout Tower
12:05 Scout Tower
12:16 Farm
12:16 Farm
12:18 Arcane Sanctum
12:21 Arcane Sanctum
12:24 Guard Tower
12:25 Guard Tower
12:49 Guard Tower
13:28 Town Hall
14:02 Lumber Mill
15:20 Arcane Sanctum
16:07 Farm
16:07 Farm
16:13 Castle
16:36 Gryphon Aviary
16:37 Gryphon Aviary
16:37 Gryphon Aviary
17:14 Gryphon Aviary
17:14 Gryphon Aviary
17:42 Town Hall
27:09 Town Hall
29:52 Town Hall
30:19 Town Hall
30:41 Gryphon Aviary
30:43 Gryphon Aviary
» items
| Scroll of Regeneration | 5 | |
| Ivory Tower | 7 | |
| Scroll of Healing | 2 | |
| Periapt of Vitality | 1 | |
| Staff of Teleportation | 2 | |
| Boots of Speed | 1 | |
| Potion of Lesser Invulnerability | 2 | |
| Potion of Healing | 5 | |
| Scroll of Town Portal | 4 | |
| Lesser Clarity Potion | 2 | |
31 total
gnostic137 (
teal | 19 APM | 636 actions | 34:18)
5 Paladin
2 Divine Shield
3 Devotion Aura
» actions
| Assign group hotkey | 25 | |
| Build / train | 88 | |
| Enter build submenu | 23 | |
| Enter hero's abilities submenu | 5 | |
| Right click | 143 | |
| Select / deselect | 182 | |
| Select group hotkey | 143 | |
| Use ability | 27 | |
636 total
» units
| Peasant | 10 | |
| Footman | 7 | |
| Knight | 36 | |
| Rifleman | 12 | |
65 total
» upgrades
| Lumber Harvesting | 1 | |
| Animal War Training | 1 | |
| Swords | 2 | |
| Plating | 2 | |
| Gunpowder | 1 | |
| Long Rifles | 1 | |
8 total
» buildings
| Farm | 11 | |
| Altar of Kings | 1 | |
| Barracks | 2 | |
| Lumber Mill | 1 | |
| Scout Tower | 5 | |
| Keep | 1 | |
| Guard Tower | 4 | |
| Blacksmith | 1 | |
| Castle | 1 | |
27 total
» build order
00:09 Farm
00:14 Altar of Kings
00:25 Barracks
01:33 Farm
01:41 Lumber Mill
03:06 Scout Tower
03:14 Scout Tower
03:21 Scout Tower
03:32 Keep
03:46 Guard Tower
03:58 Farm
04:19 Guard Tower
04:59 Blacksmith
05:07 Farm
05:57 Farm
06:35 Scout Tower
06:40 Farm
06:43 Castle
07:11 Guard Tower
07:20 Scout Tower
07:38 Farm
08:01 Guard Tower
08:08 Barracks
11:44 Farm
12:28 Farm
14:58 Farm
15:40 Farm

»
americanaredumb (
purple | 55 APM | 2120 actions | 38:20)
7 Archmage
3 Summon Water Elemental
3 Brilliance Aura
1 Mass Teleport
5 Paladin
2 Divine Shield
2 Holy Light
1 Devotion Aura
» actions
| Assign group hotkey | 39 | |
| Basic commands | 8 | |
| Build / train | 88 | |
| Enter build submenu | 26 | |
| Enter hero's abilities submenu | 12 | |
| Give item / drop item | 3 | |
| Remove unit from queue | 3 | |
| Right click | 826 | |
| Select / deselect | 426 | |
| Select group hotkey | 573 | |
| Use ability | 115 | |
2120 total
» units
| Peasant | 9 | |
| Footman | 12 | |
| Rifleman | 19 | |
| Gryphon Rider | 10 | |
50 total
» upgrades
| Lumber Harvesting | 3 | |
| Long Rifles | 1 | |
| Masonry | 1 | |
| Storm Hammers | 1 | |
| Armor | 1 | |
| Gunpowder | 2 | |
| Swords | 1 | |
10 total
» buildings
| Farm | 13 | |
| Altar of Kings | 1 | |
| Barracks | 3 | |
| Scout Tower | 2 | |
| Lumber Mill | 1 | |
| Guard Tower | 2 | |
| Keep | 2 | |
| Arcane Vault | 1 | |
| Blacksmith | 2 | |
| Castle | 5 | |
| Gryphon Aviary | 2 | |
| Town Hall | 1 | |
35 total
» build order
00:11 Farm
00:24 Altar of Kings
00:40 Barracks
01:23 Scout Tower
01:28 Farm
01:50 Lumber Mill
02:27 Guard Tower
03:20 Scout Tower
03:36 Farm
03:44 Keep
03:54 Farm
04:25 Guard Tower
04:36 Keep
04:43 Barracks
05:28 Arcane Vault
05:33 Blacksmith
05:53 Farm
06:05 Castle
06:05 Castle
07:05 Castle
07:05 Castle
08:08 Farm
08:50 Gryphon Aviary
08:54 Gryphon Aviary
09:44 Farm
09:47 Farm
11:42 Farm
12:06 Farm
12:12 Farm
13:10 Farm
13:20 Blacksmith
14:05 Farm
18:36 Barracks
18:54 Town Hall
» items
team 2 (loser)
hyperionnnnn (
red | 40 APM | 1817 actions | 45:51)
6 Blood Mage
3 Flame Strike
2 Siphon Mana
1 Summon Phoenix
5 Paladin
3 Holy Light
1 Divine Shield
1 Devotion Aura
5 Mountain King
3 Storm Bolt
2 Bash
» actions
| Basic commands | 34 | |
| Build / train | 139 | |
| Enter build submenu | 58 | |
| Enter hero's abilities submenu | 16 | |
| Give item / drop item | 12 | |
| Remove unit from queue | 7 | |
| Right click | 618 | |
| Select / deselect | 739 | |
| Use ability | 193 | |
1817 total
» units
| Peasant | 52 | |
| Forest Troll Shadow Priest | 1 | |
| Forest Troll Berserker | 1 | |
| Ogre Mauler | 1 | |
| Mud Golem | 1 | |
| Gryphon Rider | 3 | |
| Knight | 2 | |
61 total
» upgrades
| Masonry | 3 | |
| Lumber Harvesting | 2 | |
| Swords | 3 | |
| Plating | 2 | |
| Armor | 2 | |
| Animal War Training | 1 | |
| Cloud | 1 | |
| Storm Hammers | 1 | |
15 total
» buildings
| Farm | 15 | |
| Altar of Kings | 1 | |
| Scout Tower | 13 | |
| Arcane Vault | 1 | |
| Arcane Tower | 1 | |
| Lumber Mill | 3 | |
| Guard Tower | 6 | |
| Town Hall | 15 | |
| Keep | 1 | |
| Gryphon Aviary | 5 | |
| Castle | 1 | |
| Barracks | 1 | |
| Blacksmith | 1 | |
64 total
» build order
02:05 Farm
02:12 Altar of Kings
02:24 Scout Tower
02:31 Farm
02:33 Arcane Vault
02:35 Scout Tower
02:37 Farm
02:56 Arcane Tower
03:06 Lumber Mill
03:12 Scout Tower
03:28 Guard Tower
03:38 Scout Tower
03:40 Guard Tower
03:42 Scout Tower
04:18 Guard Tower
05:05 Town Hall
06:09 Town Hall
07:06 Keep
08:58 Town Hall
10:42 Gryphon Aviary
10:43 Castle
10:45 Gryphon Aviary
10:47 Gryphon Aviary
11:26 Barracks
12:11 Farm
12:16 Farm
12:18 Farm
13:28 Farm
13:42 Blacksmith
14:08 Farm
14:40 Gryphon Aviary
14:55 Farm
15:06 Farm
15:25 Farm
15:46 Farm
16:03 Farm
16:11 Gryphon Aviary
18:40 Town Hall
19:04 Lumber Mill
19:11 Lumber Mill
21:17 Town Hall
22:47 Town Hall
23:38 Town Hall
24:11 Scout Tower
24:13 Scout Tower
24:14 Scout Tower
24:18 Scout Tower
24:21 Scout Tower
24:25 Town Hall
24:50 Guard Tower
25:03 Guard Tower
25:09 Guard Tower
25:50 Scout Tower
25:52 Scout Tower
25:53 Scout Tower
25:55 Keep
26:42 Town Hall
28:16 Town Hall
32:42 Town Hall
33:58 Farm
34:54 Farm
38:03 Town Hall
38:10 Town Hall
38:13 Town Hall
45:49 Town Hall
» items
| Scroll of Regeneration | 6 | |
| Lesser Clarity Potion | 4 | |
| Potion of Lesser Invulnerability | 3 | |
| Potion of Healing | 7 | |
| Scroll of Town Portal | 5 | |
| Potion of Mana | 1 | |
| Orb of Fire | 1 | |
| Orb of Corruption | 1 | |
| Scroll of Healing | 2 | |
| Orb of Venom | 1 | |
31 total

»
eriev (
orange | 41 APM | 1868 actions | 45:51)
9 Mountain King
3 Storm Bolt
3 Bash
1 Avatar
2 Thunder Clap
» actions
| Assign group hotkey | 11 | |
| Basic commands | 18 | |
| Build / train | 78 | |
| Enter build submenu | 29 | |
| Enter hero's abilities submenu | 10 | |
| Give item / drop item | 2 | |
| Remove unit from queue | 1 | |
| Right click | 957 | |
| Select / deselect | 645 | |
| Select group hotkey | 32 | |
| Use ability | 85 | |
1868 total
» units
| Peasant | 19 | |
| Footman | 10 | |
| Knight | 7 | |
36 total
» upgrades
| Defend | 1 | |
| Swords | 3 | |
| Plating | 3 | |
| Animal War Training | 1 | |
| Masonry | 3 | |
| Gunpowder | 1 | |
| Armor | 1 | |
13 total
» buildings
| Altar of Kings | 3 | |
| Barracks | 4 | |
| Farm | 11 | |
| Blacksmith | 2 | |
| Keep | 3 | |
| Castle | 1 | |
| Lumber Mill | 2 | |
| Arcane Vault | 1 | |
| Town Hall | 5 | |
32 total
» build order
00:11 Altar of Kings
00:17 Barracks
00:23 Farm
00:53 Farm
01:33 Farm
02:19 Barracks
02:24 Farm
02:54 Blacksmith
02:59 Farm
03:39 Keep
03:46 Farm
06:07 Castle
07:55 Lumber Mill
08:00 Arcane Vault
13:02 Farm
15:27 Farm
15:30 Farm
16:44 Farm
16:47 Farm
20:43 Town Hall
24:26 Town Hall
27:56 Altar of Kings
29:00 Barracks
29:49 Barracks
30:12 Blacksmith
30:14 Keep
30:50 Lumber Mill
35:28 Town Hall
38:43 Altar of Kings
40:53 Town Hall
44:46 Keep
45:19 Town Hall
» items
| Circlet of Nobility | 2 | |
| Boots of Speed | 1 | |
| Scroll of Regeneration | 3 | |
| Lesser Clarity Potion | 4 | |
| Scroll of Town Portal | 1 | |
| Orb of Fire | 2 | |
| Staff of Teleportation | 1 | |
14 total
StaIin (
yellow | 61 APM | 2785 actions | 45:51)
5 Warden
3 Fan of Knives
2 Blink
» actions
| Assign group hotkey | 33 | |
| Basic commands | 215 | |
| Build / train | 102 | |
| Enter build submenu | 46 | |
| Enter hero's abilities submenu | 5 | |
| Give item / drop item | 5 | |
| Remove unit from queue | 9 | |
| Right click | 970 | |
| Select / deselect | 543 | |
| Select group hotkey | 724 | |
| Use ability | 133 | |
2785 total
» units
| Wisp | 34 | |
| Archer | 3 | |
| Huntress | 4 | |
| Druid of the Talon | 15 | |
| Chimaera | 5 | |
61 total
» upgrades
| Ultravision | 1 | |
| Strength of the Wild | 3 | |
| Reinforced Hides | 3 | |
| Druid of the Talon Training | 2 | |
| Well Spring | 1 | |
| Nature's Blessing | 1 | |
| Corrosive Breath | 1 | |
| Mark of the Talon | 1 | |
| Strength of the Moon | 0 | |
| Moon Armor | 0 | |
13 total
» buildings
| Altar of Elders | 1 | |
| Moon Well | 7 | |
| Ancient of War | 1 | |
| Hunter's Hall | 2 | |
| Tree of Ages | 5 | |
| Tree of Life | 2 | |
| Tree of Eternity | 1 | |
| Ancient of Wind | 2 | |
| Ancient Protector | 14 | |
| Chimaera Roost | 3 | |
| Ancient of Wonders | 1 | |
39 total
» build order
00:03 Altar of Elders
00:08 Moon Well
00:43 Ancient of War
02:00 Moon Well
02:33 Hunter's Hall
03:44 Moon Well
05:13 Tree of Ages
05:14 Tree of Ages
05:14 Tree of Ages
05:14 Tree of Ages
05:55 Tree of Life
07:40 Tree of Eternity
07:48 Ancient of Wind
09:25 Ancient Protector
09:30 Ancient Protector
09:52 Moon Well
10:20 Chimaera Roost
10:26 Chimaera Roost
13:00 Tree of Life
13:29 Ancient Protector
14:25 Ancient Protector
14:31 Ancient Protector
14:36 Ancient Protector
15:18 Moon Well
16:08 Ancient Protector
16:09 Ancient Protector
16:41 Ancient Protector
18:35 Chimaera Roost
18:39 Ancient of Wind
20:27 Ancient Protector
21:53 Ancient of Wonders
26:13 Moon Well
26:17 Moon Well
27:00 Ancient Protector
27:04 Ancient Protector
30:49 Ancient Protector
30:50 Ancient Protector
38:12 Hunter's Hall
» items
| Boots of Speed | 1 | |
| Staff of Teleportation | 1 | |
| Scroll of Town Portal | 7 | |
| Orb of Venom | 2 | |
11 total

»
bruuzer (
blue | 44 APM | 2018 actions | 45:51)
7 Death Knight
3 Death Coil
3 Unholy Aura
1 Animate Dead
6 Crypt Lord
3 Spiked Carapace
2 Impale
1 Locust Swarm
» actions
| Assign group hotkey | 21 | |
| Basic commands | 29 | |
| Build / train | 80 | |
| Enter build submenu | 45 | |
| Enter hero's abilities submenu | 13 | |
| Give item / drop item | 5 | |
| Right click | 628 | |
| Select / deselect | 336 | |
| Select group hotkey | 769 | |
| Use ability | 92 | |
2018 total
» units
| Acolyte | 17 | |
| Ghoul | 6 | |
| Crypt Fiend | 13 | |
| Frost Wyrm | 6 | |
42 total
» upgrades
| Creature Attack | 3 | |
| Creature Carapace | 3 | |
| Web | 1 | |
| Burrow | 1 | |
| Freezing Breath | 1 | |
9 total
» buildings
| Crypt | 1 | |
| Ziggurat | 22 | |
| Altar of Darkness | 2 | |
| Graveyard | 1 | |
| Tomb of Relics | 1 | |
| Spirit Tower | 5 | |
| Halls of the Dead | 1 | |
| Black Citadel | 1 | |
| Sacrificial Pit | 1 | |
| Boneyard | 3 | |
| Necropolis | 2 | |
40 total
» build order
00:36 Crypt
00:38 Ziggurat
00:59 Altar of Darkness
01:06 Graveyard
01:22 Ziggurat
02:00 Ziggurat
03:28 Tomb of Relics
05:18 Spirit Tower
05:27 Halls of the Dead
05:57 Ziggurat
06:21 Ziggurat
08:26 Spirit Tower
08:38 Spirit Tower
09:06 Ziggurat
09:19 Ziggurat
10:18 Black Citadel
13:46 Sacrificial Pit
14:56 Spirit Tower
15:25 Boneyard
15:27 Boneyard
15:29 Boneyard
16:05 Ziggurat
16:29 Ziggurat
16:31 Ziggurat
16:34 Ziggurat
16:37 Ziggurat
17:11 Ziggurat
17:16 Ziggurat
17:23 Ziggurat
17:37 Altar of Darkness
19:43 Ziggurat
19:46 Ziggurat
29:04 Spirit Tower
31:39 Necropolis
39:30 Necropolis
42:24 Ziggurat
42:33 Ziggurat
42:37 Ziggurat
42:42 Ziggurat
42:50 Ziggurat
» items
| Scroll of Town Portal | 4 | |
| Orb of Corruption | 2 | |
| Potion of Mana | 1 | |
7 total
Chat log
(00:20 / Allies) meltingkevin: all human
(00:32 / Allies) meltingkevin: let's tower rush?
(00:47 / Allies) americanaredumb: u do it
(00:53 / All) DieEierVonSatan: CHA CHA CHA
(00:56 / All) DieEierVonSatan: BA DUM BUM TSCH
(02:42 / Allies) americanaredumb: red has fuck all
(04:15 / Allies) meltingkevin: fuck this team
(04:22 / Allies) americanaredumb: leave
(04:24 / All) meltingkevin: gg
(08:01 / Allies) DieEierVonSatan: I'm taking this base
(13:39 / Allies) DieEierVonSatan: wood
(13:47 / Allies) americanaredumb: pink take teal
(14:03 / Allies) DieEierVonSatan: I need wood
(14:42 / All) DieEierVonSatan: can't fight your own battles?
(15:04 / All) StaIin: wow
(16:50 / Allies) DieEierVonSatan: give wood teal and I'll give gold
(16:59 / Allies) DieEierVonSatan: 400 wood for 1500 gold
(20:33 / Allies) americanaredumb: puink wait
(21:26 / Allies) DieEierVonSatan: I got
(21:47 / Allies) americanaredumb: gold
(22:31 / Allies) americanaredumb: 200 gold
(22:49 / Allies) americanaredumb: 40 more
(23:04 / All) hyperionnnnn: yellow having fun'
(23:09 / All) StaIin: yes
(23:11 / All) StaIin: all your halls died
(23:22 / Allies) americanaredumb: 40 more gold
(25:43 / Allies) DieEierVonSatan: teal when you engage orange I will tp to you
(26:43 / All) StaIin: I'm backstabbing, and you're hitting me?
(26:49 / All) StaIin: listen to pink
(26:50 / All) StaIin: faggots
(27:02 / Allies) DieEierVonSatan: he's been whispering me
(27:04 / Allies) DieEierVonSatan: he is bsing
(27:39 / All) DieEierVonSatan: lose everything orange
(27:54 / All) hyperionnnnn: having fun douchebags
(27:58 / All) StaIin: yes
(28:08 / Allies) DieEierVonSatan: gold
(28:18 / Allies) DieEierVonSatan: gold fast
(28:33 / Allies) DieEierVonSatan: alright
(31:10 / Allies) DieEierVonSatan: GIVE GOLD
(31:12 / Allies) DieEierVonSatan: WHATEVER YOU GOT
(31:16 / Allies) DieEierVonSatan: sO I CAN GET LEVEL 6 ARCH MAGE
(33:13 / All) DieEierVonSatan: let our only expansions die
(33:14 / All) DieEierVonSatan: brilliant
(33:33 / Allies) DieEierVonSatan: game
(34:18 / Allies) DieEierVonSatan: stay
(34:49 / Allies) americanaredumb: gg
(34:54 / Allies) DieEierVonSatan: stay
(34:58 / Allies) americanaredumb: No
(35:09 / Allies) DieEierVonSatan: I'm taking this pally
(35:28 / Allies) DieEierVonSatan: dude if you're gonna be a prick just leave
(35:57 / All) DieEierVonSatan: Purple can't just leave he has to be a dick too
(36:05 / All) StaIin: blue and red are tryhard fags who want the win, too
(36:07 / All) DieEierVonSatan: even though he is the reason we will lose
(36:12 / All) americanaredumb: i lose u lose
(37:14 / Allies) DieEierVonSatan: you're a piece of shit
(37:21 / Allies) DieEierVonSatan: your stupid decisions are why we lose in the first place
(37:24 / All) americanaredumb: to bad
(37:53 / Allies) DieEierVonSatan: can't simply leave
(37:56 / All) americanaredumb: he died
(38:05 / Allies) DieEierVonSatan: Yeah I did that so you couldn't feed them mroe exp
(38:06 / All) americanaredumb: now that u have no chance
(38:11 / All) americanaredumb: ok
(40:26 / All) DieEierVonSatan: All in your hands now
(42:56 / All) DieEierVonSatan: No one on my team expanded
(43:08 / All) bruuzer: expansion is overrated
(43:12 / All) DieEierVonSatan: I gave purple gold and he repaid me by killing off teal's stuff
(43:17 / All) DieEierVonSatan: "i lose u lose"
(43:26 / All) bruuzer: yello just expanded everywhere saved up 12k and built towers
(43:30 / All) bruuzer: thats fun?
(43:42 / All) DieEierVonSatan: You should have went hippos chims
(43:58 / All) DieEierVonSatan: These dots aren't gonna do shit
(44:53 / All) DieEierVonSatan: With these allies I suppose I should have camped in my base and massed towers
(44:59 / All) StaIin: no shit